 Dungeon Crawl Stone Soup version 0.26.1-11-gd32895ea62 (webtiles) character file.

Game seed: 3134721280397154072

182 Zeld the Chopper (level 5, -5/45 HPs)
             Began as a Minotaur Berserker on May 23, 2021.
             Was a Believer of Trog.
             Slain by Blork the orc
             ... wielding a +2 long sword of holy wrath
              (13 damage)
             ... on level 4 of the Dungeon.
             The game lasted 00:02:14 (2711 turns).

Zeld the Chopper (Minotaur Berserker)               Turns: 2711, Time: 00:02:14

Health: -5/45      AC:  3    Str: 22    XL:     5   Next: 34%
Magic:  4/4        EV: 12    Int:  4    God:    Trog [**....]
Gold:   231        SH:  0    Dex: 10    Spells: 4/4 levels left

rFire    . . .     SeeInvis .   a - +0 hand axe
rCold    . . .     Faith    .   (no shield)
rNeg     . . .     Spirit   .   (no armour)
rPois    .         Reflect  .   (helmet restricted)
rElec    .         Harm     .   r - +0 cloak
rCorr    .         Rampage  .   p - +0 pair of gloves
Will     .....                  f - +0 pair of boots
Stlth    +.........             (no amulet)
HPRegen  0.15/turn              (no ring)
MPRegen  0.09/turn              (no ring)

@: no status effects
A: retaliatory headbutt, horns 2
a: Renounce Religion, Berserk, Trog's Hand


You were on level 4 of the Dungeon.
You worshipped Trog.
Trog was pleased with you.
You visited 1 branch of the dungeon, and saw 4 of its levels.

You collected 231 gold pieces.

Inventory:

Hand Weapons
 a - a +0 hand axe (weapon)
Armour
 f - a +0 pair of boots (worn)
 p - a +0 pair of gloves (worn)
 r - a +0 cloak (worn)
Jewellery
 o - an uncursed amulet of guardian spirit {unknown}
 q - an uncursed ring of see invisible {unknown}
Scrolls
 d - a scroll of amnesia {unknown}
 g - 2 scrolls of blinking {unknown}
 h - 2 scrolls of identify {unknown}
 i - a scroll of enchant armour {unknown}
 j - a scroll of fear {unknown}
 k - 2 scrolls of enchant weapon {unknown}
 n - a scroll of remove curse {unknown}
Potions
 b - 3 potions of brilliance {unknown}
 c - 2 potions of lignification {unknown}
 e - 2 potions of mutation {unknown}
 l - a potion of heal wounds {unknown}
 m - a potion of cancellation {unknown}


   Skills:
 - Level 3.6 Fighting
 * Level 7.4 Axes
 - Level 2.4 Armour
 - Level 2.1 Dodging


You had 4 spell levels left.
You didn't know any spells.
Your spell library was empty.

Dungeon Overview and Level Annotations

Branches:
Dungeon (4/15)
 Temple: D:4-7

Altars:
Elyvilon

Annotations:
D:4 Blork the orc


Innate Abilities, Weirdness & Mutations

You reflexively headbutt those who attack you in melee.
You have a pair of horns on your head.


Message History

Blork the orc screams, "I'll rip your head off!"
Blork the orc hits you with a +2 long sword of holy wrath.
You closely miss Blork the orc.
Blork the orc is severely wounded.
Blork the orc points at you and mumbles some strange words.
The magic dart hits you.
Blork the orc hits you with a +2 long sword of holy wrath.
You are too injured to fight recklessly!
You are too injured to fight recklessly!
You hit Blork the orc.
Blork the orc is almost dead.
Blork the orc hits you with a +2 long sword of holy wrath.
You barely miss Blork the orc.
Blork the orc is almost dead.
Blork the orc hits you with a +2 long sword of holy wrath!
* * * LOW HITPOINT WARNING * * *
You completely miss Blork the orc. Your headbutt misses Blork the orc.
Blork the orc is almost dead.
Blork the orc hits you with a +2 long sword of holy wrath!
You die...

##..# #.......... #..##
##......... #..#
#......... #.##
#######........
#.####...<..........
####....†....##........
.........#######........
..........# #........
..........# #@.......
..........# #o.......
...........# #.......#
...........# #......##
............ #.....##
...........# ###....#
###..# #.#


You could see Blork the orc (fast).

Vanquished Creatures
  A hound (D:4)
  An orc priest (D:3)
  A hound zombie (D:3)
  An adder (D:2)
  An ufetubus (D:2)
  2 oozes
  2 worms (D:2)
  3 dart slugs
  2 leopard geckos
  4 orcs
  3 ball pythons
  3 giant cockroaches
  9 goblins
  8 hobgoblins
  4 jackals (D:4)
  6 kobolds
  10 bats
  4 frilled lizards
  A rat (D:2)
66 creatures vanquished.

Notes
Turn   | Place    | Note
-------+----------+-------------------------------------------
     0 | D:1      | Zeld the Minotaur Berserker began the quest for the Orb.
     0 | D:1      | Reached XP level 1. HP: 19/19 MP: 0/0
    70 | D:1      | Reached skill level 4 in Axes
   134 | D:1      | Reached XP level 2. HP: 26/26 MP: 1/1
   385 | D:1      | Reached skill level 5 in Axes
   609 | D:1      | Reached XP level 3. HP: 30/31 MP: 2/2
   938 | D:2      | Found a white marble altar of Elyvilon.
  1146 | D:2      | Reached XP level 4. HP: 36/39 MP: 3/3
  1339 | D:2      | Reached skill level 6 in Axes
  1808 | D:3      | Reached ** piety under Trog
  2177 | D:3      | Reached XP level 5. HP: 44/45 MP: 4/4
  2218 | D:3      | Reached skill level 7 in Axes
  2701 | D:4      | Noticed Blork the orc
  2711 | D:4      | Slain by Blork the orc

Illustrated notes

Levels and vault maps discovered:
D:1:      mrwooster_arrival_statue_3, layout_rooms, st_stairs_5
D:2:      layout_loops_ring, old_standard_altar
D:3:      layout_rooms
D:4:      layout_cave_pods, grunt_qazlal_clouds, kennysheep_dice, uniq_grinder,
          uniq_blork_the_orc, uniq_natasha

Skill      XL: |  1  2  3  4  5 |
---------------+----------------+-----
Axes           | 4 5 6 7 |  7.4
Fighting       | |  3.6
Armour         | |  2.4
Dodging        | |  2.1

Action                   |  1- 3 |  4- 6 || total
-------------------------+-------+-------++-------
Melee: Hand axe          |    53 |    64 ||   117
       Headbutt          |    11 |    11 ||    22
Armor: Skin              |     5 |    12 ||    17
Dodge: Dodged            |    38 |    54 ||    92
